TOP OF THE 1ST |
---|
Indiana Hounds batting - Pitching for Utica Unicorns : RHP Don Wiggins | Pitching: RHP Don Wiggins | | Batting: RHB Roberto Cardona | 0-0: Ground out 5-3 (Groundball, 5S) | Batting: LHB Jim Clemente | 0-0: Called Strike 0-1: Foul Ball, location: 2F 0-2: Ball 1-2: Ball 2-2: Ball 3-2: Foul Ball, location: 2F 3-2: Strikes out swinging | Batting: LHB Chandler Hubbard | 0-0: Called Strike 0-1: Ball 1-1: SINGLE (Groundball, 6D) | Batting: RHB Domingo Romero | 0-0: Fly out, F8 (Flyball, 8LD) | Top of the 1st over - 0 runs, 1 hit, 0 errors, 1 left on base; Indiana 0 - Utica 0 | BOTTOM OF THE 1ST |
---|
Utica Unicorns batting - Pitching for Indiana Hounds : RHP Alvin Heath | Pitching: RHP Alvin Heath | | Batting: RHB António Magana | 0-0: Ball 1-0: Ball 2-0: Called Strike 2-1: Ball 3-1: Called Strike 3-2: Base on Balls | Batting: RHB Marcos Castillo | 0-0: Ball 1-0: Ball 2-0: Ball 3-0: Base on Balls António Magana to second | Batting: LHB José Flores | 0-0: Swinging Strike 0-1: Ball 1-1: Called Strike 1-2: Fly out, F8 (Flyball, 89M) | Batting: LHB Bill Hall | 0-0: Called Strike António Magana steals 3rd base Marcos Castillo to second 0-1: Ball 1-1: Foul Ball, location: 2F 1-2: Ball 2-2: Foul Ball, location: 2F 2-2: Foul Ball, location: 2F 2-2: Foul Ball, location: 2F 2-2: Ground out 4-3 (Groundball, 4S) António Magana scores Marcos Castillo to third | Batting: RHB Juan Caceres | 0-0: Ball 1-0: Foul Ball, location: 2F 1-1: Ball 2-1: Foul Ball, location: 2F 2-2: Ball 3-2: SINGLE (Groundball, 34S) (infield hit) Marcos Castillo scores | Batting: RHB Gustavo Rodríguez | 0-0: Swinging Strike 0-1: Ball 1-1: Fly out, F8 (Flyball, 8RD) | Bottom of the 1st over - 2 runs, 1 hit, 0 errors, 1 left on base; Indiana 0 - Utica 2 | TOP OF THE 2ND |
---|
Indiana Hounds batting - Pitching for Utica Unicorns : RHP Don Wiggins | Batting: RHB Octávio Zúńiga | 0-0: Ball 1-0: Swinging Strike 1-1: Ball 2-1: Swinging Strike 2-2: Strikes out swinging | Batting: LHB Mario Álvarez | 0-0: Called Strike 0-1: Ball 1-1: Ground out U3 (Groundball, 3) | Batting: LHB Pepe Vázquez | 0-0: Foul Ball, location: 2F 0-1: Ball 1-1: Ground out 5-3 (Groundball, 56) | Top of the 2nd over - 0 runs, 0 hits, 0 errors, 0 left on base; Indiana 0 - Utica 2 | BOTTOM OF THE 2ND |
---|
Utica Unicorns batting - Pitching for Indiana Hounds : RHP Alvin Heath | Batting: LHB Caleb Hall | 0-0: Ball 1-0: Called Strike 1-1: Foul Ball, location: 2F 1-2: Ball 2-2: SOLO HOME RUN (Flyball, 9D), Distance : 380 ft | Batting: RHB John Little | 0-0: Called Strike 0-1: Fly out, F7 (Line Drive, 7D) | Batting: LHB Shane Lynch | 0-0: Foul Ball, location: 2F 0-1: Fly out, F7 (Flyball, 78S) | Batting: RHB António Magana | 0-0: Called Strike 0-1: Foul Ball, location: 2F 0-2: Ball 1-2: Strikes out looking | Bottom of the 2nd over - 1 run, 1 hit, 0 errors, 0 left on base; Indiana 0 - Utica 3 | TOP OF THE 3RD |
---|
Indiana Hounds batting - Pitching for Utica Unicorns : RHP Don Wiggins | Batting: SHB Charles Alexander | 0-0: Foul Ball, location: 2F 0-1: Ball 1-1: Ball 2-1: Fly out, F7 (Flyball, 7S) | Batting: RHB Bob Lazzeri | 0-0: Foul Ball, location: 2F 0-1: Ball 1-1: Ball 2-1: Foul Ball, location: 2F 2-2: Reached on error, E5 (Groundball, 56) | Batting: RHB Roberto Cardona | 0-0: Ball 1-0: Called Strike 1-1: Foul Ball, location: 2F 1-2: Ball 2-2: Foul Ball, location: 2F 2-2: 2-RUN HOME RUN (Flyball, 9D), Distance : 362 ft | Batting: LHB Jim Clemente | 0-0: Called Strike 0-1: Fly out, F6 (Popup, 6) | Batting: LHB Chandler Hubbard | 0-0: Swinging Strike 0-1: Foul Ball, location: 2F 0-2: Ball 1-2: Strikes out swinging | Top of the 3rd over - 2 runs, 1 hit, 1 error, 0 left on base; Indiana 2 - Utica 3 | BOTTOM OF THE 3RD |
---|
Utica Unicorns batting - Pitching for Indiana Hounds : RHP Alvin Heath | Batting: RHB Marcos Castillo | 0-0: Called Strike 0-1: Ball 1-1: Ball 2-1: Ground out 4-3 (Groundball, 34) | Batting: LHB José Flores | 0-0: Fly out, F8 (Flyball, 8LM) | Batting: LHB Bill Hall | 0-0: Ball 1-0: Foul Ball, location: 2F 1-1: Ball 2-1: SINGLE (Groundball, 4MD) | Batting: RHB Juan Caceres | 0-0: Fly out, F4 (Line Drive, 4M) | Bottom of the 3rd over - 0 runs, 1 hit, 0 errors, 1 left on base; Indiana 2 - Utica 3 | TOP OF THE 4TH |
---|
Indiana Hounds batting - Pitching for Utica Unicorns : RHP Don Wiggins | Batting: RHB Domingo Romero | 0-0: Ball 1-0: Swinging Strike 1-1: Ground out 5-3 (Groundball, 56) | Batting: RHB Octávio Zúńiga | 0-0: Called Strike 0-1: Ball 1-1: Swinging Strike 1-2: Ball 2-2: Ball 3-2: Fly out, F7 (Line Drive, 7) | Batting: LHB Mario Álvarez | 0-0: Ball 1-0: Ball 2-0: Swinging Strike 2-1: Fly out, F8 (Flyball, 78D) | Top of the 4th over - 0 runs, 0 hits, 0 errors, 0 left on base; Indiana 2 - Utica 3 | BOTTOM OF THE 4TH |
---|
Utica Unicorns batting - Pitching for Indiana Hounds : RHP Alvin Heath | Batting: RHB Gustavo Rodríguez | 0-0: Ball 1-0: Ball 2-0: Called Strike 2-1: Foul Ball, location: 2F 2-2: Fly out, F8 (Flyball, 8LXD) | Batting: LHB Caleb Hall | 0-0: Ball 1-0: Fly out, F8 (Line Drive, 89D) | Batting: RHB John Little | 0-0: Fly out, F7 (Line Drive, 78S) | Bottom of the 4th over - 0 runs, 0 hits, 0 errors, 0 left on base; Indiana 2 - Utica 3 | TOP OF THE 5TH |
---|
Indiana Hounds batting - Pitching for Utica Unicorns : RHP Don Wiggins | Batting: LHB Pepe Vázquez | 0-0: Ball 1-0: Ball 2-0: Called Strike 2-1: Ball 3-1: Foul Ball, location: 2F 3-2: Ground out 5-3 (Groundball, 56) | Batting: SHB Charles Alexander | 0-0: SOLO HOME RUN (Line Drive, 9D), Distance : 367 ft | Batting: RHB Bob Lazzeri | 0-0: Ball 1-0: Swinging Strike 1-1: Called Strike 1-2: Ball 2-2: Foul Ball, location: 2F 2-2: Fly out, F9 (Flyball, 9LS) | Batting: RHB Roberto Cardona | 0-0: Hit by Pitch | Batting: LHB Jim Clemente | 0-0: Called Strike 0-1: Ball 1-1: Ball 2-1: Fielders Choice at 2nd, 5-4 (Groundball, 5L) | Top of the 5th over - 1 run, 1 hit, 0 errors, 1 left on base; Indiana 3 - Utica 3 | BOTTOM OF THE 5TH |
---|
Utica Unicorns batting - Pitching for Indiana Hounds : RHP Alvin Heath | Batting: LHB Shane Lynch | 0-0: Fly out, F8 (Flyball, 8LXD) | Batting: RHB António Magana | 0-0: Called Strike 0-1: SINGLE (Groundball, 4MD) | Batting: RHB Marcos Castillo | 0-0: Called Strike 0-1: Ground out 4-3 (Groundball, 34) António Magana to second | Batting: LHB José Flores | 0-0: Ball Wild Pitch! António Magana to third 1-0: Ball 2-0: Foul Ball, location: 2F 2-1: Foul Ball, location: 2F 2-2: Ball 3-2: Strikes out looking | Bottom of the 5th over - 0 runs, 1 hit, 0 errors, 1 left on base; Indiana 3 - Utica 3 | TOP OF THE 6TH |
---|
Indiana Hounds batting - Pitching for Utica Unicorns : RHP Don Wiggins | Batting: LHB Chandler Hubbard | 0-0: Ball 1-0: Called Strike 1-1: Swinging Strike 1-2: Ground out 4-3 (Groundball, 4) | Batting: RHB Domingo Romero | 0-0: Foul Ball, location: 2F 0-1: Swinging Strike 0-2: Strikes out swinging wild pitch, reaches first! | Batting: RHB Octávio Zúńiga | 0-0: Ball 1-0: Ball 2-0: SINGLE (Groundball, 3) (infield hit) Domingo Romero to second | Batting: LHB Mario Álvarez | 0-0: Ball 1-0: Called Strike 1-1: Grounds into double play, 5-4-3 (Groundball, 56) | Top of the 6th over - 0 runs, 1 hit, 0 errors, 1 left on base; Indiana 3 - Utica 3 | BOTTOM OF THE 6TH |
---|
Utica Unicorns batting - Pitching for Indiana Hounds : RHP Alvin Heath | Batting: LHB Bill Hall | 0-0: Ball 1-0: Ball 2-0: Ball 3-0: Base on Balls | Batting: RHB Juan Caceres | 0-0: Called Strike 0-1: Ball 1-1: SINGLE (Flyball, 4D) Bill Hall to second Runner from 2nd tries for 3rd, SAFE, throw made to third | Batting: RHB Gustavo Rodríguez | 0-0: Called Strike 0-1: Swinging Strike 0-2: Strikes out swinging | Batting: LHB Caleb Hall | 0-0: Swinging Strike 0-1: Ball 1-1: Swinging Strike 1-2: Foul Ball, location: 2F 1-2: Ball 2-2: Strikes out swinging | Batting: RHB John Little | 0-0: Ball 1-0: Foul Ball, location: 2F 1-1: Ball Balk! Bill Hall scores Juan Caceres to second 2-1: DOUBLE (Line Drive, 8LD) Juan Caceres scores | Batting: LHB Shane Lynch | 0-0: Ball 1-0: Ball 2-0: Ball 3-0: Called Strike 3-1: Fly out, F8 (Flyball, 8LD) | Bottom of the 6th over - 2 runs, 2 hits, 0 errors, 1 left on base; Indiana 3 - Utica 5 | TOP OF THE 7TH |
---|
Indiana Hounds batting - Pitching for Utica Unicorns : RHP Don Wiggins | Batting: LHB Pepe Vázquez | 0-0: Ball 1-0: Called Strike 1-1: Fly out, F6 (Popup, 6) | Batting: SHB Charles Alexander | 0-0: Ball 1-0: Called Strike 1-1: Swinging Strike 1-2: Ground out 3-1 (Groundball, 34) | Batting: RHB Bob Lazzeri | 0-0: Called Strike 0-1: Foul Ball, location: 2F 0-2: Ball 1-2: Ball 2-2: Foul Ball, location: 2F 2-2: Ball 3-2: SINGLE (Groundball, 6MD) | Batting: RHB Roberto Cardona | 0-0: Fly out, F8 (Flyball, 8RD) | Top of the 7th over - 0 runs, 1 hit, 0 errors, 1 left on base; Indiana 3 - Utica 5 | BOTTOM OF THE 7TH |
---|
Utica Unicorns batting - Pitching for Indiana Hounds : RHP Alvin Heath | Batting: RHB António Magana | 0-0: Reached on error, E3 (Groundball, 3) | Batting: RHB Marcos Castillo | 0-0: Foul Ball, location: 2F 0-1: Ball 1-1: Called Strike 1-2: DOUBLE (Line Drive, 9LM) António Magana to third Runner from 3rd tries for Home, throw and OUT! | Batting: LHB José Flores | 0-0: Foul Ball, location: 2F 0-1: Foul Ball, location: 2F 0-2: SINGLE (Groundball, 34D) Marcos Castillo to third Runner from 3rd tries for Home, SAFE, no throw | Pitching: LHP Guy Sewell | | Batting: LHB Bill Hall | 0-0: Ball 1-0: Ball José Flores steals 2nd base 2-0: Called Strike 2-1: Ball 3-1: Base on Balls | Batting: RHB Juan Caceres | 0-0: Ball 1-0: Foul Ball, location: 2F 1-1: Ball 2-1: Ball 3-1: Fly out, F7 (Flyball, 7D) Runner from 2nd tags up, SAFE at 3rd, no throw | Batting: RHB Gustavo Rodríguez | 0-0: Ball 1-0: Ball 2-0: Called Strike 2-1: Ball 3-1: Foul Ball, location: 2F 3-2: Strikes out looking | Bottom of the 7th over - 1 run, 2 hits, 1 error, 2 left on base; Indiana 3 - Utica 6 | TOP OF THE 8TH |
---|
Indiana Hounds batting - Pitching for Utica Unicorns : RHP Don Wiggins | Pitching: RHP Ray McIntyre | | Batting: LHB Jim Clemente | 0-0: Called Strike 0-1: Ball 1-1: Swinging Strike 1-2: Ball 2-2: Strikes out swinging | Batting: LHB Chandler Hubbard | 0-0: Called Strike 0-1: SINGLE (Groundball, 3) (infield hit) | Batting: RHB Domingo Romero | 0-0: Ball 1-0: Ball 2-0: Called Strike 2-1: Foul Ball, location: 2F 2-2: Fielders Choice at 2nd, 4-6 (Groundball, 4) | Batting: RHB Octávio Zúńiga | 0-0: Called Strike 0-1: Called Strike 0-2: Ball 1-2: Ball 2-2: SINGLE (Groundball, 34D) Domingo Romero to second Runner from 2nd tries for 3rd, SAFE, no throw | Batting: LHB Mario Álvarez | 0-0: Ball 1-0: Ground out 3-1 (Groundball, 34S) | Top of the 8th over - 0 runs, 2 hits, 0 errors, 2 left on base; Indiana 3 - Utica 6 | BOTTOM OF THE 8TH |
---|
Utica Unicorns batting - Pitching for Indiana Hounds : LHP Guy Sewell | Batting: LHB Caleb Hall | 0-0: Foul Ball, location: 2F 0-1: Foul Ball, location: 2F 0-2: Foul Ball, location: 2F 0-2: Ball 1-2: Strikes out swinging | Batting: RHB John Little | 0-0: Ball 1-0: Fly out, F8 (Flyball, 78D) | Batting: LHB Shane Lynch | 0-0: SINGLE (Groundball, 56D) | Batting: RHB António Magana | 0-0: Ball 1-0: Called Strike 1-1: Ball 2-1: Foul Ball, location: 2F 2-2: Strikes out swinging | Bottom of the 8th over - 0 runs, 1 hit, 0 errors, 1 left on base; Indiana 3 - Utica 6 | TOP OF THE 9TH |
---|
Indiana Hounds batting - Pitching for Utica Unicorns : RHP Ray McIntyre | Pitching: RHP Mike Pierce | | Batting: LHB Pepe Vázquez | 0-0: Ball 1-0: Foul Ball, location: 2F 1-1: Ball 2-1: Foul Ball, location: 2F 2-2: Ball 3-2: Base on Balls | Batting: SHB Charles Alexander | 0-0: Ball 1-0: Swinging Strike 1-1: Ball 2-1: Ball 3-1: Base on Balls Pepe Vázquez to second | Pinch Hitting: LHB Manny Hernández | 0-0: Ball 1-0: Reached on error, E5 (Groundball, 56) Pepe Vázquez to third Charles Alexander to second | Batting: RHB Roberto Cardona | 0-0: Called Strike 0-1: Foul Ball, location: 2F 0-2: Strikes out looking | Batting: LHB Jim Clemente | 0-0: Called Strike 0-1: Ball 1-1: Called Strike 1-2: Fly out, F7 (Flyball, 7S) | Batting: LHB Chandler Hubbard | 0-0: Called Strike 0-1: Ball 1-1: Ball 2-1: Ball 3-1: Foul Ball, location: 2F 3-2: Base on Balls Pepe Vázquez scores Charles Alexander to third Manny Hernández to second | Batting: RHB Domingo Romero | 0-0: Called Strike 0-1: Fielders Choice at 2nd, U6 (Groundball, 6M) | Top of the 9th over - 1 run, 0 hits, 1 error, 3 left on base; Indiana 4 - Utica 6 | |